 Dungeon Crawl Stone Soup version 0.24.0-1-gfbc8707 (webtiles) character file.

Game seed: 2222880751303882906, levelgen mode: deterministic

1813837 peanutter the Middleweight Champion (level 27, 253/253 (254) HPs)
             Began as a Ghoul Monk on Oct 30, 2019.
             Was the Champion of Yredelemnul.
             Escaped with the Orb
             ... and 3 runes on Nov 1, 2019!
             The game lasted 05:46:36 (57545 turns).

peanutter the Middleweight Champion (Ghoul Monk)   Turns: 57545, Time: 05:46:36

HP:   253/253 (254) AC: 25    Str: 28 (30) XL:     27
MP:   17/23         EV: 20    Int:  6 (7)  God:    Yredelemnul [******]
Gold: 7745          SH: 16    Dex: 17      Spells: 23/36 levels left

rFire    + . .     SeeInvis .     - Unarmed
rCold    + + .     Gourm    .   i - +1 shield {reflect}
rNeg     + + +     Faith    .   F - +7 faerie dragon scales {rElec rC+ rCorr Str+4 Int+2}
rPois    ∞         Spirit   .   A - +2 hat of Reason {rF+ Dex-4 Slay+4 Stlth+}
rElec    +         Reflect  +   P - +2 cloak {MR+}
rCorr    +         Harm     .   (no gloves)
MR       ++++.                  n - +1 pair of boots {Fly}
Stlth    ++........             R - amulet "Qeics" {Fragile rN+ Regen+ Stlth+}
HPRegen  0.92/turn              Q - ring "Aneufaf" {Dex+5 Slay+3}
MPRegen  0.18/turn              x - ring of Torukh {rPois MR+ MP-9 Dex+3 Stlth+}

@: rotting, studying Fire Magic
A: rotting body, claws 1, carnivore, cold resistance 1, negative energy
resistance 3, inhibited regeneration, torment resistance, unbreathing
0: Orb of Zot
}: 3/15 runes: decaying, serpentine, silver
a: Recall Undead Slaves, Injury Mirror, Animate Dead, Drain Life, Enslave Soul,
Renounce Religion, Evoke Flight


You escaped.
You worshipped Yredelemnul.
Yredelemnul was exalted by your worship.
You were not hungry.

You visited 10 branches of the dungeon, and saw 50 of its levels.
You also visited: Ossuary, Bailey and Ice Cave.

You collected 8282 gold pieces.
You spent 537 gold pieces at shops.

Inventory:

Missiles
 g - 61 boomerangs (quivered)
 s - 7 throwing nets
 I - 8 javelins
Armour
 b - the -2 hat of the Alchemist {rElec rPois rF+ rC+ rN+ MR+ rMut rCorr}
   (You acquired it on level 3 of the Realm of Zot)

   It protects you from fire.
   It protects you from cold.
   It insulates you from electricity.
   It protects you from poison.
   It protects you from negative energy.
   It affects your resistance to hostile enchantments.
   It provides partial protection from all sources of acid and corrosion.
   It protects you from mutation.
 e - a scarf of resistance
 i - a +1 shield of reflection (worn)
 n - a +1 pair of boots of flying (worn)
 A - the +2 hat of Reason (worn) {rF+ Dex-4 Slay+4 Stlth+}
   (You acquired it on level 12 of the Dungeon)

   It affects your dexterity (-4).
   It affects your accuracy and damage with ranged weapons and melee attacks
   (+4).
   It protects you from fire.
   It makes you more stealthy.
 F - the +7 faerie dragon scales (worn) {rElec rC+ rCorr Str+4 Int+2}
   (You took it off the Enchantress on level 2 of the Depths)

   It affects your strength (+4).
   It affects your intelligence (+2).
   It protects you from cold.
   It insulates you from electricity.
   It provides partial protection from all sources of acid and corrosion.
 P - a +2 cloak of magic resistance (worn)
Jewellery
 h - a +5 ring of protection
 x - the ring of Torukh (right claw) {rPois MR+ MP-9 Dex+3 Stlth+}
   (You found it on level 2 of the Lair of Beasts)

   [ring of protection from magic]

   It affects your dexterity (+3).
   It protects you from poison.
   It affects your resistance to hostile enchantments.
   It affects your magic capacity (-9).
   It makes you more stealthy.
 Q - the ring "Aneufaf" (left claw) {Dex+5 Slay+3}
   (You found it on level 3 of the Elven Halls)

   [ring of dexterity]

   It affects your dexterity (+5).
   It affects your accuracy and damage with ranged weapons and melee attacks
   (+3).
 R - the amulet "Qeics" (around neck) {Fragile rN+ Regen+ Stlth+}
   (You found it on level 11 of the Dungeon)

   [amulet of regeneration]

   It protects you from negative energy.
   It increases your rate of regeneration.
   It will be destroyed if unequipped.
   It makes you more stealthy.
Wands
 t - a wand of iceblast (51)
 J - a wand of digging (21)
 T - a wand of acid (22)
 Y - a wand of paralysis (36)
Scrolls
 j - 16 scrolls of teleportation
 m - 4 scrolls of torment
 q - 22 scrolls of remove curse
 r - 14 scrolls of immolation
 u - 7 scrolls of fog
 y - 16 scrolls of amnesia
 B - 3 scrolls of enchant armour
 D - 4 scrolls of fear
 E - 2 scrolls of silence
 H - 6 scrolls of magic mapping
 K - 8 scrolls of blinking
 S - 3 scrolls of brand weapon
 U - 5 scrolls of vulnerability
 X - 22 scrolls of identify
 Z - 9 scrolls of enchant weapon
Potions
 c - 5 potions of might
 d - 29 potions of curing
 k - 8 potions of brilliance
 o - 4 potions of haste
 z - 4 potions of heal wounds
 C - 7 potions of flight
 G - 7 potions of agility
 L - 4 potions of invisibility
 M - 2 potions of magic
 N - 4 potions of cancellation
Books
 a - a manual of Fire Magic
Comestibles
 v - 109 rations


   Skills:
 + Level 22.1 Fighting
 - Level 2.0 Throwing
 + Level 14.9 Armour
 + Level 11.1 Dodging
 - Level 2.2 Stealth
 - Level 15.0 Shields
 O Level 27 Unarmed Combat
 - Level 5.0 Spellcasting
 - Level 15.0 Necromancy
 - Level 10.0 Earth Magic
 + Level 14.1 Invocations


You had 23 spell levels left.
You knew the following spells:

 Your Spells              Type           Power        Failure   Level  Hunger
a - Agony                 Necr           ###.....     1%          5    ######.
b - Borgnjor's Vile Clut  Necr/Erth      ###.......   5%          5    ######.
c - Stone Arrow           Conj/Erth      #.....       13%         3    ###....

Your spell library contained the following spells:

 Spells                   Type           Power        Failure   Level  Hunger
 Animate Skeleton         Necr           N/A          1%          1    #......
 Sandblast                Erth           ##....       1%          1    #......
 Corpse Rot               Necr           N/A          1%          2    ###....
 Animate Dead             Necr           N/A          1%          4    #####..
 Dispel Undead            Necr           ###.....     1%          5    ######.
 Passwall                 Tmut/Erth      #.......     6%          2    ###....
 Lee's Rapid Deconstruct  Erth           ##........   16%         5    ######.
 Apportation              Tloc           #.....       32%         1    #......
 Confusing Touch          Hex            #.....       32%         1    #......
 Corona                   Hex            #......      32%         1    #......
 Flame Tongue             Conj/Fire      #....        32%         1    #......
 Magic Dart               Conj           #...         32%         1    #......
 Sting                    Conj/Pois      #...         32%         1    #......
 Summon Butterflies       Summ           #.......     32%         1    #......
 Summon Small Mammal      Summ           #...         32%         1    #......
 Leda's Liquefaction      Hex/Erth       #.........   38%         4    #####..
 Petrify                  Tmut/Erth      #.......     38%         4    #####..
 Bolt of Draining         Conj/Necr      ##........   38%         5    ######.
 Excruciating Wounds      Chrm/Necr      ##........   38%         5    ######.
 Blink                    Tloc           N/A          45%         2    ###....
 Ensorcelled Hibernation  Hex/Ice        #.....       45%         2    ###....
 Poisonous Vapours        Pois/Air       #.....       45%         2    ###....
 Shroud of Golubria       Chrm/Tloc      #.....       45%         2    ###....
 Slow                     Hex            #.......     45%         2    ###....
 Throw Flame              Conj/Fire      #.....       45%         2    ###....
 Confuse                  Hex            #.......     69%         3    ###....
 Conjure Flame            Conj/Fire      #.......     69%         3    ###....
 Dazzling Spray           Conj/Hex       #.....       69%         3    ###....
 Gell's Gravitas          Tloc           #.........   69%         3    ###....
 Inner Flame              Hex/Fire       #.......     69%         3    ###....
 Lesser Beckoning         Tloc           #.........   69%         3    ###....
 Mephitic Cloud           Conj/Pois/Air  #.......     69%         3    ###....
 Portal Projectile        Hex/Tloc       #.....       69%         3    ###....
 Summon Guardian Golem    Hex/Summ       #.......     69%         3    ###....
 Teleport Other           Tloc           #.......     69%         3    ###....
 Tukima's Dance           Hex            #.......     69%         3    ###....
 Bolt of Magma            Conj/Fire/Erth #.........   93%         5    ######.
 Simulacrum               Ice/Necr       ##........   93%         6    #######
 Cause Fear               Hex            #.........   97%         4    #####..
 Olgreb's Toxic Radiance  Pois           #.......     97%         4    #####..
 Alistair's Intoxication  Tmut/Pois      #.......     100%        5    ######.
 Fireball                 Conj/Fire      #.........   100%        5    ######.
 Irradiate                Conj/Tmut      #.........   100%        5    ######.
 Iskenderun's Battlesphe  Conj/Chrm      #.......     100%        5    ######.
 Metabolic Englaciation   Hex/Ice        #.........   100%        5    ######.
 Silence                  Hex/Air        #.........   100%        5    ######.
 Venom Bolt               Conj/Pois      #.........   100%        5    ######.
 Yara's Violent Unravell  Hex/Tmut       #.........   100%        5    ######.
 Bolt of Cold             Conj/Ice       #.........   100%        6    #######
 Bolt of Fire             Conj/Fire      #.........   100%        6    #######
 Conjure Ball Lightning   Conj/Air       #.........   100%        6    #######
 Darkness                 Hex            #.........   100%        6    #######
 Freezing Cloud           Conj/Ice/Air   #.........   100%        6    #######
 Invisibility             Hex            #.......     100%        6    #######
 Iron Shot                Conj/Erth      #.........   100%        6    #######
 Ozocubu's Refrigeration  Ice            #.........   100%        6    #######
 Shadow Creatures         Summ           N/A          100%        6    #######
 Malign Gateway           Summ/Tloc      #.........   100%        7    #######
 Monstrous Menagerie      Summ           #.........   100%        7    #######
 Orb of Destruction       Conj           #.........   100%        7    #######
 Spellforged Servitor     Conj/Summ      #.........   100%        7    #######
 Summon Greater Demon     Summ           #.........   100%        7    #######
 Summon Horrible Things   Summ           #.........   100%        8    #######
 Shatter                  Erth           ##........   100%        9    #######
 Sublimation of Blood     Necr           Unusable     N/A         2    N/A
 Ice Form                 Ice/Tmut       Unusable     N/A         4    N/A
 Passage of Golubria      Tloc           Unusable     N/A         4    N/A
 Statue Form              Tmut/Erth      Unusable     N/A         6    N/A

Dungeon Overview and Level Annotations

Branches:
Dungeon (15/15)            Temple (1/1) D:5            Lair (6/6) D:11
  Swamp (4/4) Lair:4        Snake (4/4) Lair:3        Slime (0/5) Lair:5
    Orc (2/2) D:11            Elf (3/3) Orc:2        Vaults (5/5) D:13
  Crypt (0/3) Vaults:2     Depths (5/5) D:15            Zot (5/5) Depths:5
Ossuary (visited)          Bailey (visited)           IceCv (visited)

Altars:
Ashenzari
Cheibriados
Dithmenos
Elyvilon
Fedhas
Gozag
Hepliaklqana
Kikubaaqudgha
Makhleb
Nemelex Xobeh
Okawaru
Qazlal
Ru
Sif Muna
Trog
Uskayaw
Vehumet
Wu Jian
Xom
Yredelemnul
Zin
The Shining One
Beogh
Jiyva

Shops:
D:5 (   D:12 [   D:14 (   Orc:2 =}(!%   Vaults:1 ([   Vaults:4 [[[%}
Vaults:5 (

Portals:
Hell: Depths:1 Depths:2 Depths:3 Depths:4 Depths:5
Abyss: Depths:4
Pandemonium: Depths:1 Depths:3
Ziggurat: Depths:5
Trove: Elf:2 (give 14 scrolls of teleportation)

Annotations:
D:7 Pikel
Lair:1 1 runed translucent door, Vew Pil's ghost, journeyman DrTm


Innate Abilities, Weirdness & Mutations

Your body is rotting away.
You thrive on raw meat.
You are immune to poison.
You have sharp fingernails.
You are carnivorous and can eat meat at any time.
Your flesh is cold resistant. (rC+)
You are immune to negative energy. (rN+++)
You do not regenerate when monsters are visible.
You are immune to unholy pain and torment.
You can survive without breathing.


Message History

Reactivating autopickup.
There is a stone staircase leading down here.
You feel your flesh rotting away.
There is a stone staircase leading up here.
You climb upwards.
There is a stone staircase leading down here.
(D) Dungeon (T) Temple (L) Lair (S) Swamp (P) Snake Pit (M) Slime Pits (O) Orcish Mines (E) Elven Halls (V) Vaults (C) Crypt (U) Depths (H) Hell (Z) Zot
Where to? (Enter - D:3 @ (x,y), ? - help)
Okay, then.
There is an escape hatch in the ceiling here.
A mysterious force pulls you upwards. The hatch slams shut behind you.
You see here a robe.
There is an open door here.
Okay, then.
There is a staircase leading out of the dungeon here.
You can't go down here!
You have escaped!

##### ######.@.###### ##
###.............### .##
###.................### ..##
#.'.................'.# ...#
#.#.................#.##### ...#
#.###.............###.....##
...###..####.........####........
...........###.....### #..###.#.
..####..####.........####..# #.##


There were no monsters in sight!

Vanquished Creatures
  8 ancient liches
  3 orbs of fire (Zot:5)
  Bai Suzhen (Swamp:4)
  A curse toe (Zot:4)
  Saint Roka (Orc:2)
  5 golden dragons
  A caustic shrike (Depths:4)
  2 electric golems (Zot:5)
  A bone dragon (Depths:5)
  The ghost of theMacoje the Slayer, an adept OgAM of Hepliaklqana (Vaults:4)
  Rupert (Lair:4)
  20 Orb Guardians
  An Ice Fiend (IceCv)
  9 tentacled monstrosities
  A lich (Depths:4)
  5 quicksilver dragons
  6 titans
  2 death cobs
  An Executioner (Zot:1)
  Agnes (Elf:1)
  3 sphinxes
  9 shadow dragons
  16 storm dragons
  3 nagarajas (Snake:4)
  5 tengu reavers
  3 draconian monks (Zot:5)
  12 fire giants
  2 orc warlords
  13 frost giants
  2 draconian scorchers (Zot:4)
  An emperor scorpion (shapeshifter) (Depths:4)
  3 deep elf sorcerers
  2 draconian knights
  2 draconian shifters
  10 vault wardens
  4 deep elf elementalists (Elf:3)
  A caustic shrike skeleton (Depths:4)
  A spriggan defender (Depths:2)
  8 ironheart preservers
  A draconian annihilator (Zot:5)
  3 green draconians
  12 very ugly things
  5 black draconians
  6 entropy weavers
  11 stone giants
  6 deep elf demonologists
  4 deep elf annihilators (Elf:3)
  A black sun (D:5)
  3 white draconians
  6 spark wasps
  5 red draconians
  A yellow draconian (Zot:5)
  2 purple draconians
  3 deep elf death magi
  2 jiangshi (Depths:4)
  7 fire dragons
  13 ettins
  A green death (Depths:1)
  5 ice dragons
  2 deep elf high priests (Vaults:5)
  2 large abominations
  2 ogre magi
  14 vault guards
  11 yaktaur captains
  4 rakshasas
  8 hydras
  3 great orbs of eyes
  3 spriggan air magi
  A monstrous demonspawn (D:5)
  11 naga warriors
  4 ghost crabs
  A death knight (Vaults:2)
  10 two-headed ogres
  11 dancing weapons
  A catoblepas (D:15)
  6 centaur warriors
  5 alligators
  3 deep troll earth magi
  A tengu warrior (D:11)
  An anaconda (Snake:3)
  4 naga sharpshooters
  2 shock serpents (shapeshifter) (Depths:4)
  3 vampire magi
  5 orc high priests
  2 shock serpents
  2 spriggan berserkers
  A soul eater (Depths:5)
  A titan skeleton (Vaults:5)
  12 deep elf knights
  6 fire crabs
  5 iron trolls (Zot:4)
  A sixfirhy (D:5)
  A shadow wraith (D:13)
  A glowing orange brain (shapeshifter) (Depths:3)
  A salamander mystic (Snake:3)
  5 unseen horrors
  2 infernal demonspawn
  A shadow demon (Depths:3)
  5 swamp dragons
  3 hell knights (Depths:4)
  2 spriggan druids
  7 deep trolls
  2 glowing orange brains (Depths:4)
  A gelid demonspawn (Depths:1)
  4 wizards
  2 phantasmal warriors (Vaults:5)
  A naga ritualist (Snake:3)
  7 deep elf archers
  11 orc knights
  7 ironbrand convokers
  A mana viper (Snake:4)
  3 necromancers
  2 lindwurms
  38 deep elf magi
  9 orc sorcerers
  An orb spider (shapeshifter) (Depths:2)
  22 ugly things
  A shining eye (shapeshifter) (Depths:2)
  5 cyclopes
  A manticore (shapeshifter) (Depths:2)
  A rust devil (Depths:1)
  24 moths of wrath
  An elephant (Lair:6)
  2 salamanders (Snake:3)
  6 vault sentinels
  5 manticores
  A guardian serpent (shapeshifter) (D:15)
  6 naga magi
  2 guardian serpents
  A stone giant skeleton (Vaults:5)
  2 ice statues (IceCv)
  Joseph (D:9)
  15 black mambas
  3 orange demons (Elf:3)
  A yaktaur zombie (Vaults:3)
  5 spiny frogs
  A gargoyle (D:10)
  A hellion (D:9)
  2 efreet (Zot:4)
  30 yaktaurs
  A kobold demonologist (D:12)
  3 komodo dragons
  3 freezing wraiths
  A tormentor (Depths:2)
  A red devil (Depths:5)
  2 hellwings
  5 ice devils (IceCv)
  A tengu conjurer (D:11)
  A meliai (shapeshifter) (Depths:4)
  7 trolls
  5 polar bears
  14 blink frogs
  3 tyrant leeches
  10 hornets
  7 hippogriffs
  4 bog bodies
  A blink frog (shapeshifter) (Vaults:2)
  21 slime creatures
  3 redbacks
  A vampire (D:12)
  A redback (shapeshifter) (Depths:4)
  5 shadows
  A wyvern (shapeshifter) (Depths:4)
  29 yaks
  A spriggan (shapeshifter) (Vaults:1)
  13 spriggans
  3 air elementals
  A water elemental (Elf:3)
  A basilisk (Lair:2)
  A tarantella (D:15)
  7 wraiths
  2 wyverns
  2 hungry ghosts
  A chaos spawn (Depths:1)
  A hog (shapeshifter) (D:13)
  2 fire elementals
  7 vampire mosquitoes
  A human simulacrum (Vaults:3)
  5 insubstantial wisps
  11 swamp worms
  3 wargs
  A soldier ant (shapeshifter) (Vaults:2)
  A swamp worm (shapeshifter) (Depths:4)
  12 nagas
  5 soldier ants
  2 acid dragons
  8 water moccasins
  9 porcupines
  8 swamp drakes
  4 eyes of draining
  35 orc warriors
  3 slaves (D:7)
  6 sky beasts
  24 orc wizards
  25 wolves
  16 ogres
  10 boggarts
  7 black bears
  2 phantoms
  19 centaurs
  10 crocodiles
  A big kobold (D:12)
  14 bullfrogs
  2 earth elementals
  3 gnoll sergeants (Bailey)
  A wyvern skeleton (D:9)
  10 scorpions
  7 killer bees
  A wight (D:10)
  3 howler monkeys
  3 centaur zombies
  2 bullfrog zombies
  3 crimson imps
  A human zombie (D:3)
  A quasit (D:7)
  Crazy Yiuf (D:3)
  4 gnoll shamans
  10 hounds
  20 orc priests
  An iron imp (Depths:1)
  4 jellies
  3 bullfrog skeletons
  15 mummies (Ossuary)
  8 centaur skeletons
  4 iguanas
  10 worker ants
  A killer bee zombie (Ossuary)
  A hound zombie (Ossuary)
  A hound skeleton (D:5)
  A howler monkey zombie (D:4)
  A worker ant zombie (D:5)
  17 gnolls
  A river rat (D:6)
  13 adders
  5 shadow imps
  9 white imps
  7 ufetubi
  An ooze (D:2)
  5 adder zombies
  4 adder skeletons
  A dart slug (D:4)
  5 leopard geckos
  74 orcs
  3 ball pythons
  7 bats
  6 giant cockroaches
  7 hobgoblins
  4 jackals
  3 quokkas
  5 frilled lizards
  A giant cockroach zombie (Ossuary)
  5 goblins
  A jackal skeleton (D:8)
  A jackal zombie (D:4)
  8 kobolds
  A kobold zombie (D:3)
  A leopard gecko skeleton (D:5)
  2 leopard gecko zombies (Ossuary)
  A quokka skeleton (D:5)
  3 quokka zombies
  3 rats
  A crawling corpse (Vaults:5)
1413 creatures vanquished.

Vanquished Creatures (collateral kills)
  An orb of fire (Zot:4)
  4 ancient liches
  2 juggernauts (Depths:4)
  2 Killer Klowns (Zot:5)
  2 caustic shrikes
  3 golden dragons
  Nikola (Elf:3)
  The ghost of Imio the Warrior, an adept DgCj (Depths:3)
  the Enchantress (Depths:2)
  6 tentacled monstrosities
  8 Orb Guardians
  An Ice Fiend (IceCv)
  2 deep elf blademasters (Elf:3)
  Asterion (Vaults:2)
  A quicksilver dragon (Zot:4)
  2 deep elf master archers (Elf:3)
  3 titans
  3 death cobs
  4 sphinxes
  Gastronok (Lair:3)
  3 tengu reavers
  Donald (Orc:1)
  7 fire giants
  7 storm dragons
  5 shadow dragons
  12 nagarajas (Snake:4)
  A draconian knight (Zot:4)
  2 iron dragons
  6 deep elf sorcerers
  3 vault wardens
  3 draconian scorchers (Zot:5)
  A ghost moth (Zot:3)
  6 frost giants
  A deep elf elementalist (Elf:3)
  2 orc warlords (Vaults:4)
  A draconian annihilator (Depths:5)
  2 spriggan defenders (Depths:2)
  A ghoul (Vaults:2)
  6 ironheart preservers
  15 stone giants
  A war gargoyle (Vaults:5)
  A reaper (Depths:5)
  5 very ugly things
  4 black draconians
  A vampire knight (Depths:4)
  4 deep elf demonologists
  A deep elf annihilator (Elf:3)
  A green draconian (Depths:5)
  6 white draconians
  6 yellow draconians
  4 purple draconians
  A lorocyproca (D:5)
  A red draconian (Zot:4)
  3 spark wasps
  5 deep elf death magi
  3 ettins
  6 yaktaur captains
  8 fire dragons
  26 slime creatures
  A great orb of eyes (Depths:3)
  A deep elf high priest (Elf:3)
  7 rakshasas
  2 monstrous demonspawn (Depths:3)
  4 spriggan air magi
  16 vault guards
  5 ice dragons
  An anaconda (shapeshifter) (Vaults:5)
  A ghost crab (Swamp:2)
  A shambling mangrove (Swamp:2)
  A spectral elf (Depths:4)
  15 naga warriors
  9 hydras
  34 two-headed ogres
  3 anacondas
  2 death knights (Vaults:2)
  A small abomination (Vaults:5)
  3 alligators
  5 centaur warriors
  17 dancing weapons
  10 ogre magi
  2 orc high priests
  3 shock serpents
  4 deep troll shamans
  2 spriggan berserkers (Depths:4)
  5 deep troll earth magi
  13 naga sharpshooters
  A soul eater (Depths:3)
  11 deep elf knights
  A sun demon (Zot:3)
  A hell knight (Depths:2)
  3 iron trolls
  A shadow wraith (Vaults:4)
  2 salamander mystics (Snake:4)
  An unseen horror (Vaults:1)
  3 glowing orange brains
  A spriggan druid (Swamp:2)
  2 naga ritualists (Snake:4)
  An unseen horror (shapeshifter) (Vaults:1)
  3 flayed ghosts
  An obsidian statue (Zot:5)
  18 deep elf archers
  6 deep trolls
  2 wizards
  6 ironbrand convokers
  4 swamp dragons
  A wolf spider zombie (D:15)
  6 harpies
  5 orc knights
  A mana viper (Snake:3)
  A tengu zombie (Vaults:5)
  31 deep elf magi
  A necromancer (Vaults:3)
  An orc sorcerer (Vaults:1)
  4 cyclopes
  9 ugly things
  A manticore (D:13)
  8 salamanders
  2 elephants (Lair:6)
  A centaur zombie (D:15)
  A manticore (shapeshifter) (Depths:3)
  13 moths of wrath
  10 naga magi
  4 vault sentinels
  A molten gargoyle (Swamp:4)
  A torpor snail (Lair:6)
  An apocalypse crab (Lair:3)
  5 guardian serpents
  An orange demon (Elf:3)
  16 black mambas
  A torpor snail (shapeshifter) (Vaults:5)
  2 centaur skeletons (D:15)
  2 spiny frogs
  4 komodo dragons
  A hellion (D:5)
  2 human zombies (Vaults:5)
  2 freezing wraiths
  31 yaktaurs
  6 ice devils
  A redback zombie (D:15)
  A red devil (Depths:1)
  6 trolls
  A jumping spider (shapeshifter) (D:13)
  A polar bear (Lair:1)
  8 hornets
  7 tyrant leeches
  A meliai (shapeshifter) (Elf:3)
  4 bog bodies
  8 blink frogs
  A dream sheep (shapeshifter) (Depths:5)
  3 hippogriffs
  4 dream sheep (Lair:5)
  A centaur simulacrum (D:15)
  A spriggan (shapeshifter) (Depths:1)
  A tarantella (shapeshifter) (Depths:5)
  12 spriggans
  A wraith (Vaults:2)
  14 yaks
  A wyvern (D:12)
  A yak (shapeshifter) (D:11)
  3 basilisks
  4 vampire mosquitoes
  54 nagas
  15 swamp worms
  A yaktaur simulacrum (Vaults:3)
  8 insubstantial wisps
  5 wargs
  An acid dragon (Vaults:1)
  4 porcupines
  2 water moccasins
  16 orc warriors
  7 swamp drakes
  An ice beast (D:12)
  2 phantoms
  2 sky beasts
  3 black bears
  An ettin simulacrum (Vaults:3)
  27 ogres
  6 wolves
  6 boggarts
  3 centaurs
  5 crocodiles
  5 gnoll sergeants (Bailey)
  6 bullfrogs
  An earth elemental (Elf:2)
  A scorpion (D:10)
  3 killer bees (D:11)
  A bullfrog zombie (D:10)
  2 crimson imps
  2 jellies
  10 orc priests
  11 orc wizards
  3 gnoll shamans (Bailey)
  An iron imp (Depths:3)
  A hound skeleton (D:10)
  2 gnolls (Bailey)
  2 adders
  2 shadow imps
  An ufetubus (IceCv)
  36 orcs
  4 kobolds (D:12)
  A quokka (D:10)
  2 butterflies (Lair:1)
  21 fungi
  22 plants
1027 creatures vanquished.

Vanquished Creatures (others)
  6 bone dragons
  5 profane servitors
  A lich (Depths:3)
  A draconian knight (Zot:4)
  A caustic shrike zombie (Depths:4)
  A spectral Killer Klown (Zot:5)
  9 ghouls
  A draconian scorcher (Zot:4)
  A spectral rakshasa (Vaults:5)
  8 vampire knights
  A spectral draconian (Elf:1)
  3 very ugly thing zombies
  2 quicksilver dragon skeletons
  A spectral Orb Guardian (Zot:1)
  A hydra (Swamp:4)
  A naga warrior (Snake:4)
  A two-headed ogre (Zot:4)
  A titan zombie (Depths:4)
  A spectral white draconian (Zot:5)
  A spriggan berserker (Depths:2)
  A spectral human (Depths:3)
  A storm dragon zombie (Zot:4)
  2 titan skeletons (Vaults:5)
  A storm dragon skeleton (Depths:4)
  16 skeletal warriors
  A spark wasp zombie (Depths:5)
  7 flayed ghosts
  2 swamp dragons (Swamp:4)
  12 phantasmal warriors
  3 golden dragon skeletons
  A very ugly thing skeleton (Depths:1)
  2 ugly thing zombies
  A lindwurm (Swamp:4)
  2 shadow dragon skeletons
  A tengu skeleton (Depths:4)
  2 stone giant zombies
  An iron dragon zombie (Depths:4)
  2 deep elf magi
  3 draconian zombies (Zot:5)
  2 fire giant zombies
  A frost giant zombie (Depths:4)
  A guardian serpent (Snake:4)
  A sphinx skeleton (Depths:4)
  A frost giant skeleton (Vaults:5)
  A fire giant skeleton (Depths:3)
  A draconian skeleton (Zot:5)
  A centaur zombie (Depths:1)
  A red draconian zombie (Zot:4)
  6 elf skeletons
  A white draconian zombie (Zot:5)
  2 yellow draconian zombies (Zot:5)
  A yaktaur (Vaults:5)
  A catoblepas zombie (D:15)
  4 ghoul skeletons
  2 purple draconian skeletons
  A red draconian skeleton (Zot:4)
  2 black draconian skeletons (Zot:4)
  A green draconian skeleton (Depths:5)
  2 white draconian skeletons
  3 moth of wrath zombies
  A fire dragon zombie (Depths:4)
  An ice dragon zombie (Depths:4)
  2 ettin skeletons (Depths:4)
  2 harpy skeletons (Vaults:3)
  An ugly thing skeleton (Depths:1)
  A deep troll skeleton (Depths:4)
  5 flying skulls
  A guardian serpent skeleton (Snake:4)
  2 ice dragon skeletons
  A fire dragon skeleton (Depths:4)
  A human (D:3)
  2 black mamba zombies
  13 vampires
  2 wraiths
  3 steam dragons (Swamp:4)
  8 elf zombies
  4 deep troll zombies
  A naga (Snake:4)
  3 two-headed ogre zombies
  A spiny frog zombie (Lair:2)
  An insubstantial wisp (Swamp:4)
  A swamp worm (Swamp:4)
  A soldier ant (shapeshifter) (Vaults:5)
  3 two-headed ogre skeletons
  An infernal demonspawn skeleton (Depths:3)
  7 swamp drakes (Swamp:4)
  2 hornet zombies
  A ghost crab zombie (Lair:3)
  A boggart (Vaults:2)
  3 blink frog skeletons
  7 human skeletons
  2 vampire mosquito zombies (D:15)
  10 yaktaur zombies
  16 human zombies
  A fire crab zombie (Lair:3)
  A hippogriff zombie (Lair:2)
  A hippogriff skeleton (D:8)
  A cyclops zombie (Vaults:1)
  A warg zombie (Orc:2)
  5 yaktaur skeletons
  2 tengu zombies
  4 spriggan zombies
  2 yak zombies (Lair:6)
  A troll zombie (Vaults:5)
  2 water moccasin skeletons
  2 wights
  A troll skeleton (Orc:1)
  8 yak skeletons
  2 wolf zombies
  A bullfrog zombie (Lair:2)
  2 black bear zombies
  3 wolf skeletons
  2 orc priests
  6 bullfrog skeletons
  2 porcupine zombies (D:11)
  Jessica (D:3)
  6 centaur skeletons
  A black bear skeleton (Lair:6)
  2 killer bee zombies (D:11)
  2 crocodile zombies
  A naga zombie (Snake:4)
  3 ogre zombies
  7 ogre skeletons
  3 deep dwarf skeletons (Lair:3)
  A mummy (D:10)
  A crocodile skeleton (Lair:1)
  A hound skeleton (Bailey)
  An adder (D:3)
  A swamp drake skeleton (Swamp:4)
  6 white imps (IceCv)
  2 ufetubi
  2 adder skeletons
  An adder zombie (D:10)
  17 orc skeletons
  4 orcs
  3 gnoll skeletons (Bailey)
  2 jackal skeletons (D:8)
  21 orc zombies
  A quokka skeleton (D:9)
  6 fungi
  6 plants
407 creatures vanquished.

Grand Total: 2847 creatures vanquished

Notes
Turn   | Place    | Note
-------+----------+-------------------------------------------
     0 | D:1      | peanutter the Ghoul Monk began the quest for the Orb.
     0 | D:1      | Reached XP level 1. HP: 19/19 MP: 0/0
   213 | D:1      | Reached XP level 2. HP: 26/26 MP: 1/1
   962 | D:2      | Reached skill level 4 in Unarmed Combat
   962 | D:2      | Reached XP level 3. HP: 27/30 MP: 2/2
  1081 | D:2      | Found an ancient bone altar of Kikubaaqudgha.
  1117 | D:2      | Reached XP level 4. HP: 30/39 MP: 3/3
  1277 | D:2      | Reached skill level 5 in Unarmed Combat
  1447 | D:2      | Found a shattered altar of Ashenzari.
  1475 | D:2      | Reached XP level 5. HP: 42/46 MP: 4/4
  1570 | D:3      | Noticed a human
  1571 | D:3      | Found a runed translucent door.
  1576 | D:3      | Found a basalt altar of Yredelemnul.
  1592 | D:3      | Reached skill level 1 in Armour
  1688 | D:3      | Killed Jessica
  1743 | D:3      | Killed a human
  1749 | D:3      | Noticed an orc wizard
  1761 | D:3      | Killed an orc wizard
  1761 | D:3      | Reached skill level 6 in Unarmed Combat
  1761 | D:3      | Reached XP level 6. HP: 9/52 MP: 5/5
  1767 | D:3      | HP: 2/52 [orc priest/cursed +0 club (3)]
  2076 | D:3      | Found a runed translucent door.
  2077 | D:3      | Noticed Crazy Yiuf
  2089 | D:3      | Killed Crazy Yiuf
  2608 | D:4      | Reached skill level 7 in Unarmed Combat
  2646 | D:4      | Reached XP level 7. HP: 53/58 MP: 6/6
  2877 | D:4      | Reached skill level 1 in Shields
  3283 | D:5      | Entered Level 5 of the Dungeon
  3307 | D:5      | Reached skill level 8 in Unarmed Combat
  3445 | D:5      | Reached XP level 8. HP: 46/67 MP: 7/7
  3743 | D:5      | Reached skill level 9 in Unarmed Combat
  3957 | D:5      | Found a staircase to the Ecumenical Temple.
  3982 | D:5      | Reached skill level 5 in Fighting
  3996 | Temple   | Entered the Ecumenical Temple
  4152 | Temple   | Became a worshipper of Yredelemnul the Dark
  4152 | Temple   | Reached * piety under Yredelemnul
  4152 | Temple   | Reached ** piety under Yredelemnul
  4227 | D:5      | Found Monowi's Weapon Boutique.
  4945 | D:6      | Found a glowing drain.
  5053 | D:6      | Reached XP level 9. HP: 47/74 MP: 8/8
  5158 | D:6      | Reached skill level 10 in Unarmed Combat
  5798 | D:7      | Found a sand-covered staircase.
  5809 | Ossuary  | Entered an ossuary
  5945 | Ossuary  | Reached skill level 1 in Invocations
  5948 | Ossuary  | Reached *** piety under Yredelemnul
  6547 | D:7      | Noticed Pikel
  7145 | D:8      | Reached skill level 5 in Armour
  7145 | D:8      | Reached XP level 10. HP: 71/84 MP: 9/11
  7161 | D:8      | Reached skill level 11 in Unarmed Combat
  7205 | D:8      | Noticed a two-headed ogre
  7574 | D:6      | Killed a two-headed ogre
  7719 | D:8      | Reached skill level 5 in Shields
  7828 | D:8      | Reached **** piety under Yredelemnul
  7828 | D:8      | Received a gift from Yredelemnul (a wight)
  7973 | D:8      | Found a sacrificial altar of Ru.
  8171 | D:8      | Found a sparkling altar of Nemelex Xobeh.
  8577 | D:9      | Got a dazzling battleaxe
  8601 | D:9      | Identified the +6 battleaxe of the Living Dead {venom, +Fly
                  | rN+} (You found it on level 9 of the Dungeon)
  8956 | D:9      | Found an iron altar of Okawaru.
  9044 | D:9      | Found a glowing silver altar of Zin.
  9048 | D:9      | Found an ornate altar of the Wu Jian Council.
  9257 | D:9      | Noticed Joseph
  9278 | D:9      | Killed Joseph
  9724 | D:9      | Found an iron altar of Okawaru.
  9725 | D:9      | Found a stormy altar of Qazlal.
  9727 | D:9      | Found a shattered altar of Ashenzari.
 10156 | D:10     | Entered Level 10 of the Dungeon
 10206 | D:10     | Reached skill level 12 in Unarmed Combat
 10232 | D:10     | Received a gift from Yredelemnul (3 flying skulls)
 10351 | D:10     | Reached skill level 5 in Invocations
 10355 | D:10     | Reached XP level 11. HP: 82/94 MP: 13/13
 10428 | D:10     | Noticed a white ugly thing
 10438 | D:10     | Killed a white ugly thing
 10471 | D:10     | Noticed a two-headed ogre
 10479 | D:10     | Killed a two-headed ogre
 10690 | D:10     | Received a gift from Yredelemnul (a mummy)
 10759 | D:10     | Noticed a two-headed ogre
 10769 | D:10     | Killed a two-headed ogre
 10907 | D:10     | Reached skill level 13 in Unarmed Combat
 11164 | D:11     | Reached ***** piety under Yredelemnul
 11226 | D:11     | Got a brightly glowing zirconium amulet
 11227 | D:11     | Identified the amulet "Qeics" {Fragile rN+ Regen+ Stlth+}
                  | (You found it on level 11 of the Dungeon)
 11278 | D:11     | Noticed a tengu warrior
 11298 | D:11     | Killed a tengu warrior
 11359 | D:11     | Received a gift from Yredelemnul (2 flying skulls)
 11361 | D:11     | Found a staircase to the Lair.
 11362 | D:11     | Noticed a manticore
 11380 | D:11     | Killed a manticore
 11459 | D:11     | Found a staircase to the Orcish Mines.
 11810 | Lair:1   | Entered Level 1 of the Lair of Beasts
 11829 | Lair:1   | Reached XP level 12. HP: 100/101 MP: 16/16
 12135 | Lair:1   | Reached skill level 14 in Unarmed Combat
 12223 | Lair:1   | Noticed a six-headed hydra
 12230 | Lair:1   | Killed a six-headed hydra
 12513 | Lair:1   | Found a runed translucent door.
 12513 | Lair:1   | Noticed Vew Pil's ghost (journeyman DrTm)
 12728 | Lair:2   | You fall into a shaft and drop 2 floors!
 12818 | Lair:4   | Noticed Rupert
 12934 | Lair:4   | Reached skill level 10 in Fighting
 13053 | Lair:2   | Noticed an eight-headed hydra
 13062 | Lair:2   | Received a gift from Yredelemnul (a wight)
 13065 | Lair:2   | Killed an eight-headed hydra
 13134 | Lair:2   | Reached skill level 15 in Unarmed Combat
 13497 | Lair:2   | Got a faintly glowing granite ring
 13498 | Lair:2   | Identified the ring of Torukh {rPois MR+ MP-9 Dex+3 Stlth+}
                  | (You found it on level 2 of the Lair of Beasts)
 13519 | Lair:2   | You fall into a shaft and drop 1 floor!
 13843 | Lair:3   | Reached XP level 13. HP: 113/113 MP: 9/18
 13862 | Lair:3   | Noticed Gastronok
 14022 | Lair:3   | Found a staircase to the Snake Pit.
 14401 | Lair:3   | Killed Gastronok
 14762 | Lair:3   | Found a runed translucent door.
 14799 | Lair:3   | Noticed an entropy weaver
 14812 | Lair:3   | Killed an entropy weaver
 15773 | Lair:3   | Noticed an entropy weaver
 15785 | Lair:3   | Killed an entropy weaver
 15785 | Lair:3   | Reached skill level 16 in Unarmed Combat
 16032 | Lair:3   | Noticed an entropy weaver
 16041 | Lair:3   | Killed an entropy weaver
 16447 | Lair:4   | Found a staircase to the Swamp.
 16633 | Lair:4   | Killed Rupert
 16633 | Lair:4   | Received a gift from Yredelemnul (a vampire)
 17310 | Lair:5   | Reached XP level 14. HP: 125/125 MP: 10/19
 17312 | Lair:5   | Received a gift from Yredelemnul (a vampire)
 17428 | Lair:5   | Found a staircase to the Slime Pits.
 17428 | Lair:5   | Found a viscous altar of Jiyva.
 17754 | Lair:5   | Received a gift from Yredelemnul (a phantasmal warrior)
 18044 | Lair:6   | Entered Level 6 of the Lair of Beasts
 18269 | Lair:6   | Reached skill level 17 in Unarmed Combat
 18344 | Lair:6   | Reached skill level 10 in Shields
 18358 | Lair:6   | Received a gift from Yredelemnul (a wraith)
 18392 | Lair:6   | Reached ****** piety under Yredelemnul
 18570 | Lair:6   | Identified Hodghytz's Handbook of the Voyage and Heat
 18813 | Lair:6   | Reached skill level 5 in Dodging
 19308 | Orc:1    | Entered Level 1 of the Orcish Mines
 19350 | Orc:1    | Found a flagged portal.
 19352 | Orc:1    | Noticed an orc warlord
 19446 | D:11     | Killed an orc warlord
 19446 | D:11     | Received a gift from Yredelemnul (a wraith)
 19491 | Bailey   | Entered a bailey
 19595 | Bailey   | Received a gift from Yredelemnul (a phantasmal warrior)
 19638 | Bailey   | Identified the ring "Netauq" {rC+ Str+2}
 20242 | Orc:2    | Entered Level 2 of the Orcish Mines
 20242 | Orc:2    | Found a staircase to the Elven Halls.
 20321 | Orc:1    | Received a gift from Yredelemnul (a phantasmal warrior)
 20425 | Orc:2    | Found Ofruif's Jewellery Shoppe.
 20506 | Orc:2    | Noticed Donald
 20541 | Orc:2    | Reached XP level 15. HP: 92/134 MP: 3/20
 20561 | Orc:2    | Received a gift from Yredelemnul (a skeletal warrior)
 20595 | Orc:1    | Killed Donald
 20653 | Orc:2    | Noticed Saint Roka
 20673 | Orc:2    | HP: 4/134 [Saint Roka/divine providence (17)]
 20994 | Orc:2    | Killed Saint Roka
 21038 | Orc:2    | Received a gift from Yredelemnul (a vampire knight)
 21313 | Orc:2    | Found Kaotasch's Antique Weapon Shoppe.
 21324 | Orc:2    | Found Ustroyfo's Food Emporium.
 21324 | Orc:2    | Found Hirufig's Distillery.
 21330 | Orc:2    | Found Lemmeivu's Gadget Shoppe.
 21344 | Orc:2    | Bought a potion of heal wounds for 65 gold pieces
 21344 | Orc:2    | Bought a potion of haste for 130 gold pieces
 21344 | Orc:2    | Bought a potion of resistance for 130 gold pieces
 21348 | Orc:2    | Bought a scorched hand crossbow for 212 gold pieces
 21360 | Orc:2    | Identified the cursed +1 hand crossbow of the Demagogue
                  | {venom, rElec Int+4 SInv Stlth+} (You bought it in a shop
                  | on level 2 of the Orcish Mines)
 22265 | D:12     | Received a gift from Yredelemnul (a ghoul)
 22310 | D:12     | Reached skill level 18 in Unarmed Combat
 22336 | D:12     | Identified a scroll of acquirement
 22337 | D:12     | Got a scorched hat
 22354 | D:12     | Identified the +2 hat of Reason {rF+ Dex-4 Slay+4 Stlth+}
                  | (You acquired it on level 12 of the Dungeon)
 22358 | D:12     | Found Qeuhumn's Armour Boutique.
 22642 | D:12     | Received a gift from Yredelemnul (a ghoul)
 22712 | D:13     | Found a shimmering altar of Xom.
 22864 | D:13     | Received a gift from Yredelemnul (a vampire knight)
 23061 | D:13     | Received a gift from Yredelemnul (a ghoul)
 23236 | D:13     | Found a gate to the Vaults.
 23399 | D:13     | You fall into a shaft and drop 1 floor!
 23418 | D:14     | Found Yguc's Antique Weapon Shoppe.
 23867 | D:14     | Received a gift from Yredelemnul (a vampire)
 24596 | D:13     | Received a gift from Yredelemnul (a vampire)
 24911 | D:15     | Entered Level 15 of the Dungeon
 25373 | D:15     | Got a warped whip
 25569 | D:15     | Reached XP level 16. HP: 122/144 MP: 12/21
 25600 | D:15     | Found a staircase to the Depths.
 25603 | D:15     | Received a gift from Yredelemnul (a ghoul)
 25987 | Swamp:1  | Entered Level 1 of the Swamp
 26269 | Swamp:1  | Received a gift from Yredelemnul (a skeletal warrior)
 26303 | Swamp:1  | Found a frozen archway.
 26313 | Swamp:1  | Received a gift from Yredelemnul (a profane servitor)
 26331 | IceCv    | Entered an ice cave
 26352 | IceCv    | Received a gift from Yredelemnul (a bone dragon)
 26469 | IceCv    | Reached skill level 19 in Unarmed Combat
 26476 | IceCv    | Received a gift from Yredelemnul (a vampire)
 26525 | IceCv    | Noticed an Ice Fiend
 26545 | IceCv    | Killed an Ice Fiend
 26546 | IceCv    | Received a gift from Yredelemnul (a skeletal warrior)
 26570 | IceCv    | Noticed an Ice Fiend
 26583 | IceCv    | Killed an Ice Fiend
 26839 | Swamp:1  | Identified the +9 whip of Sloth {slash, *Corrode rPois
                  | Int+7 Stlth-} (You found it on level 15 of the Dungeon)
 27547 | Swamp:2  | Received a gift from Yredelemnul (a flayed ghost)
 28113 | Swamp:3  | Received a gift from Yredelemnul (a ghoul)
 28238 | Swamp:3  | Received a gift from Yredelemnul (a skeletal warrior)
 28614 | Swamp:4  | Entered Level 4 of the Swamp
 28668 | Swamp:4  | Noticed Bai Suzhen
 28686 | Swamp:4  | Killed Bai Suzhen
 28746 | Swamp:4  | Received a gift from Yredelemnul (a vampire)
 28926 | Swamp:4  | Received a gift from Yredelemnul (a phantasmal warrior)
 29073 | Swamp:4  | Reached XP level 17. HP: 140/152 MP: 13/22
 29153 | Swamp:4  | Got a decaying rune of Zot
 29559 | Snake:1  | Entered Level 1 of the Snake Pit
 29565 | Snake:1  | Received a gift from Yredelemnul (a skeletal warrior)
 29968 | Snake:1  | Received a gift from Yredelemnul (a flayed ghost)
 30571 | Snake:2  | Noticed Louise
 30585 | Snake:2  | Killed Louise
 30585 | Snake:2  | Enslaved Louise
 31641 | Snake:3  | Received a gift from Yredelemnul (a flayed ghost)
 32050 | Snake:3  | Found a basalt altar of Yredelemnul.
 32671 | Snake:4  | Entered Level 4 of the Snake Pit
 32677 | Snake:4  | Received a gift from Yredelemnul (a ghoul)
 32803 | Snake:4  | Reached skill level 20 in Unarmed Combat
 32833 | Snake:4  | Received a gift from Yredelemnul (a phantasmal warrior)
 33241 | Snake:4  | Received a gift from Yredelemnul (a vampire knight)
 33252 | Snake:4  | Reached skill level 10 in Armour
 33333 | Snake:4  | Got a serpentine rune of Zot
 33441 | Snake:4  | Reached XP level 18. HP: 106/161 MP: 14/23
 33499 | Snake:4  | Received a gift from Yredelemnul (a skeletal warrior)
 33985 | Vaults:1 | Entered Level 1 of the Vaults
 34023 | Vaults:1 | Received a gift from Yredelemnul (a vampire knight)
 34027 | Vaults:1 | Found Poimmykhla's Antique Weapon Shoppe.
 34028 | Vaults:1 | Reached skill level 15 in Fighting
 34401 | Vaults:1 | Received a gift from Yredelemnul (a vampire)
 34655 | Vaults:1 | Received a gift from Yredelemnul (a bone dragon)
 34714 | Vaults:1 | Found Haymaap's Armour Shop.
 35114 | Vaults:2 | Received a gift from Yredelemnul (a ghoul)
 35141 | Vaults:2 | Noticed Asterion
 35150 | Vaults:2 | Killed Asterion
 35183 | Vaults:2 | Received a gift from Yredelemnul (a skeletal warrior)
 35282 | Vaults:2 | Received a gift from Yredelemnul (a phantasmal warrior)
 35424 | Vaults:2 | Received a gift from Yredelemnul (a skeletal warrior)
 35553 | Vaults:2 | Reached skill level 21 in Unarmed Combat
 35555 | Vaults:2 | Reached skill level 10 in Dodging
 35561 | Vaults:2 | Received a gift from Yredelemnul (a vampire knight)
 35670 | Vaults:2 | Received a gift from Yredelemnul (a bone dragon)
 35794 | Vaults:2 | Found a staircase to the Crypt.
 36394 | Vaults:3 | Reached XP level 19. HP: 154/170 MP: 13/24
 36465 | Vaults:3 | Received a gift from Yredelemnul (a skeletal warrior)
 36548 | Vaults:3 | Received a gift from Yredelemnul (a vampire knight)
 36665 | Vaults:3 | Got a pair of faintly glowing boots
 36676 | Vaults:3 | Identified the +0 pair of boots "Cihogos" {rPois rN++ MR-}
                  | (You acquired it on level 3 of the Vaults)
 37002 | Vaults:3 | Received a gift from Yredelemnul (a phantasmal warrior)
 37446 | Vaults:4 | Received a gift from Yredelemnul (a skeletal warrior)
 37448 | Vaults:4 | Got an ancient glass ring
 37455 | Vaults:4 | Lost intelligence.
 37455 | Vaults:4 | Identified the cursed ring "Hilail" {Int-6 Stlth+} (You
                  | found it on level 4 of the Vaults)
 37467 | Vaults:4 | Identified the Tome of the Mantidfly
 37814 | Vaults:4 | Reached skill level 15 in Shields
 37914 | Vaults:4 | Received a gift from Yredelemnul (a skeletal warrior)
 37917 | Vaults:4 | Noticed a Tzitzimitl
 37976 | Vaults:4 | Found Qicavef's Food Emporium.
 37982 | Vaults:4 | Found Gofoduch's Armour Boutique.
 38003 | Vaults:4 | Found Mumomyck's Antique Armour Shoppe.
 38010 | Vaults:4 | Found Giopnydgh's Armour Boutique.
 38092 | Vaults:4 | Identified the +6 leather armour of Nesker {Str+3 Int-2
                  | Dex+2}
 38093 | Vaults:4 | Found a runed translucent gate.
 38093 | Vaults:4 | Found a runed translucent gate.
 38093 | Vaults:4 | Found a runed translucent gate.
 38093 | Vaults:4 | Noticed theMacoje's ghost (adept OgAM)
 38095 | Vaults:4 | Identified the +10 plate armour of the Spider Nest {Str+4}
 38132 | Vaults:4 | Found Keitsargh's Gadget Shop.
 38275 | Vaults:4 | Found a roughly hewn altar of Beogh.
 38293 | Vaults:4 | Reached skill level 10 in Invocations
 38300 | Vaults:4 | Received a gift from Yredelemnul (a skeletal warrior)
 38301 | Vaults:4 | Killed theMacoje's ghost
 38657 | Depths:1 | Entered Level 1 of the Depths
 38702 | Depths:1 | You fall into a shaft and drop 1 floor!
 38707 | Depths:2 | Noticed the Enchantress
 38718 | Depths:2 | Reached skill level 22 in Unarmed Combat
 38737 | Depths:2 | Killed the Enchantress
 38789 | Depths:2 | Reached XP level 20. HP: 113/181 MP: 15/26
 38792 | Depths:2 | Received a gift from Yredelemnul (a skeletal warrior)
 39173 | Depths:2 | Received a gift from Yredelemnul (a bone dragon)
 39269 | Depths:2 | You fall into a shaft and drop 1 floor!
 39293 | Depths:3 | Your ally Louise died
 39508 | Depths:3 | Received a gift from Yredelemnul (a phantasmal warrior)
 40197 | Depths:2 | Received a gift from Yredelemnul (a phantasmal warrior)
 40214 | Depths:2 | Found a gateway to Hell.
 40529 | Depths:1 | Reached skill level 23 in Unarmed Combat
 40690 | Depths:1 | Received a gift from Yredelemnul (a flayed ghost)
 40872 | Depths:1 | Found a one-way gate leading to the halls of Pandemonium.
 41289 | Depths:3 | Found a runed translucent gate.
 41290 | Depths:3 | Found a runed translucent gate.
 41291 | Depths:3 | Found an ancient bone altar of Kikubaaqudgha.
 41291 | Depths:3 | Found a runed translucent gate.
 41292 | Depths:3 | Noticed an ancient lich
 41292 | Depths:3 | Noticed Imio's ghost (adept DgCj)
 41292 | Depths:3 | Noticed an ancient lich
 41293 | Depths:3 | Noticed an ancient lich
 41407 | Depths:3 | Found a shimmering altar of Xom.
 41504 | Depths:3 | Noticed a caustic shrike
 41508 | Depths:3 | Reached XP level 21. HP: 153/191 MP: 20/29
 41517 | Depths:3 | Killed a caustic shrike
 41662 | Depths:3 | Received a gift from Yredelemnul (a skeletal warrior)
 41827 | Depths:3 | Killed an ancient lich
 41838 | Depths:3 | Killed an ancient lich
 41920 | Depths:3 | Killed an ancient lich
 41939 | Depths:3 | Killed Imio's ghost
 42044 | Depths:3 | Got a pair of pitted gloves
 42048 | Depths:3 | Got a flickering amber ring
 42050 | Depths:3 | Identified the Grimoire of Damaging Darkness
 42053 | Depths:3 | Identified the ring of Prescription {rElec rN+ Stlth-} (You
                  | found it on level 3 of the Depths)
 42061 | Depths:3 | Identified the +1 pair of gloves "Yckap" {rCorr Stlth+}
                  | (You found it on level 3 of the Depths)
 42126 | Depths:4 | Noticed a golden dragon
 42149 | Depths:4 | Killed a golden dragon
 42299 | Depths:4 | Found a one-way gate to the infinite horrors of the Abyss.
 42332 | Depths:4 | Noticed a golden dragon
 42357 | Depths:4 | Killed a golden dragon
 42460 | Depths:4 | Received a gift from Yredelemnul (a skeletal warrior)
 42635 | Depths:4 | Noticed a caustic shrike
 42652 | Depths:4 | Reached skill level 24 in Unarmed Combat
 42661 | Depths:4 | Killed a caustic shrike
 42674 | Depths:4 | Noticed a caustic shrike
 42678 | Depths:4 | Killed a caustic shrike
 42688 | Depths:4 | Received a gift from Yredelemnul (a flayed ghost)
 42927 | Depths:4 | Learned a level 5 spell: Agony
 42960 | Depths:4 | Reached skill level 1 in Necromancy
 42962 | Depths:4 | Noticed a juggernaut
 42966 | Depths:4 | Killed a juggernaut
 42966 | Depths:4 | Reached XP level 22. HP: 147/201 MP: 20/31
 43053 | Depths:4 | Reached skill level 1 in Spellcasting
 43076 | Depths:4 | Noticed a juggernaut
 43092 | Depths:4 | Killed a juggernaut
 43114 | Depths:4 | Received a gift from Yredelemnul (a vampire)
 43314 | Depths:4 | Identified the Incunabulum of Shifting Bewitchment
 44020 | Depths:5 | Entered Level 5 of the Depths
 44046 | Depths:4 | Received a gift from Yredelemnul (a profane servitor)
 44289 | Depths:5 | Reached skill level 5 in Necromancy
 44413 | Depths:5 | Found a shadowy altar of Dithmenos.
 44530 | Depths:5 | Found a gateway to a ziggurat.
 44546 | Depths:5 | Received a gift from Yredelemnul (a profane servitor)
 44690 | Depths:5 | Noticed a golden dragon
 44696 | Depths:5 | Killed a golden dragon
 45084 | Depths:5 | Found a gate to the Realm of Zot.
 45482 | Elf:1    | Entered Level 1 of the Elven Halls
 45884 | Elf:1    | Noticed Jorgrun
 45890 | Elf:1    | Killed Jorgrun
 45890 | Elf:1    | Enslaved Jorgrun
 45893 | Elf:1    | Received a gift from Yredelemnul (a flayed ghost)
 45903 | Elf:1    | Identified the Almanac of Confrontation and Summoning
 45966 | Elf:1    | Noticed Agnes
 45975 | Elf:1    | Killed Agnes
 45975 | Elf:1    | Reached skill level 1 in Throwing
 45987 | Elf:1    | Received a gift from Yredelemnul (a vampire)
 46196 | Elf:1    | Learned a level 5 spell: Borgnjor's Vile Clutch
 46217 | Elf:1    | You are sucked into a shaft and drop 1 floor!
 46249 | Elf:2    | Received a gift from Yredelemnul (a bone dragon)
 46363 | Elf:2    | Found a runed translucent gate.
 46363 | Elf:2    | Found a runed translucent gate.
 46363 | Elf:2    | Found a runed translucent gate.
 47287 | Elf:2    | Reached XP level 23. HP: 204/209 MP: 23/32
 47336 | Elf:2    | Reached skill level 25 in Unarmed Combat
 47336 | Elf:2    | Reached skill level 1 in Earth Magic
 47347 | Elf:2    | Received a gift from Yredelemnul (a phantasmal warrior)
 47556 | Elf:2    | Received a gift from Yredelemnul (a phantasmal warrior)
 47728 | Elf:2    | Found a portal to a secret trove of treasure.
 48122 | Elf:3    | Entered Level 3 of the Elven Halls
 48182 | Elf:3    | Noticed Mara
 48189 | Elf:3    | Killed Mara
 48189 | Elf:3    | Enslaved Mara
 48320 | Elf:3    | Received a gift from Yredelemnul (a flayed ghost)
 48488 | Elf:3    | Noticed Nikola
 48560 | Elf:3    | Reached skill level 5 in Spellcasting
 48612 | Elf:3    | Received a gift from Yredelemnul (a flayed ghost)
 48630 | Elf:3    | Killed Nikola
 48902 | Elf:3    | Identified the Grimoire of Warped Transformation
 48946 | Elf:3    | Got a clouded amber ring
 48960 | Elf:3    | Identified the Guide on Lucky Malediction
 48972 | Elf:3    | Identified the ring "Aneufaf" {Dex+5 Slay+3} (You found it
                  | on level 3 of the Elven Halls)
 49512 | Vaults:5 | Entered Level 5 of the Vaults
 49625 | Vaults:5 | Your ally Mara died
 49657 | Vaults:5 | Received a gift from Yredelemnul (a profane servitor)
 49715 | Vaults:5 | Reached skill level 5 in Earth Magic
 49716 | Vaults:5 | Found Rerediot's Antique Weapon Shop.
 49754 | Vaults:5 | Reached skill level 10 in Necromancy
 49844 | Vaults:5 | Reached XP level 24. HP: 191/221 MP: 16/32
 49965 | Vaults:5 | Received a gift from Yredelemnul (a vampire)
 50135 | Vaults:5 | Got a silver rune of Zot
 50187 | Vaults:5 | Identified the amulet "Loutoxur" {Gourm rPois rC+}
 50362 | Vaults:5 | Reached skill level 26 in Unarmed Combat
 50734 | Vaults:5 | Noticed an ancient lich
 50741 | Vaults:5 | Killed an ancient lich
 50741 | Vaults:5 | Received a gift from Yredelemnul (a vampire knight)
 50969 | Vaults:5 | Identified the +9 dire flail of Battle {venom, MR++ SInv}
 50969 | Vaults:5 | Identified the +5 fustibalus of Attainder {venom, rElec
                  | Dex+2 SInv}
 50979 | Vaults:5 | Received a gift from Yredelemnul (a profane servitor)
 51702 | Zot:1    | Entered Level 1 of the Realm of Zot
 52085 | Zot:1    | Received a gift from Yredelemnul (a vampire knight)
 52613 | Zot:2    | Received a gift from Yredelemnul (a skeletal warrior)
 52793 | Zot:2    | Reached XP level 25. HP: 231/231 MP: 23/32
 53179 | Zot:3    | You fall into a shaft and drop 1 floor!
 53278 | Zot:3    | Noticed a Killer Klown
 53286 | Zot:3    | Killed a Killer Klown
 53286 | Zot:3    | Enslaved a Killer Klown
 53541 | Zot:3    | Received a gift from Yredelemnul (a ghoul)
 53583 | Zot:3    | Found the -2 hat of the Alchemist {rElec rPois rF+ rC+ rN+
                  | MR+ rMut rCorr}
 54343 | Zot:4    | Received a gift from Yredelemnul (a bone dragon)
 54379 | Zot:4    | Received a gift from Yredelemnul (a ghoul)
 54379 | Zot:4    | Reached skill level 27 in Unarmed Combat
 54420 | Zot:4    | Received a gift from Yredelemnul (a vampire)
 54456 | Zot:4    | Reached skill level 10 in Earth Magic
 54565 | Zot:4    | Noticed an orb of fire
 54581 | Zot:4    | Killed an orb of fire
 54923 | Zot:5    | Entered Level 5 of the Realm of Zot
 54944 | Zot:5    | Noticed an orb of fire
 54958 | Zot:5    | Killed an orb of fire
 54975 | Zot:5    | Received a gift from Yredelemnul (a phantasmal warrior)
 55567 | Zot:5    | Reached XP level 26. HP: 242/242 MP: 23/32
 55575 | Zot:5    | Received a gift from Yredelemnul (a vampire)
 55798 | Zot:5    | Noticed an ancient lich
 55798 | Zot:5    | Noticed an ancient lich
 55815 | Zot:5    | Killed an ancient lich
 55816 | Zot:5    | Noticed an orb of fire
 55829 | Zot:5    | Noticed a Killer Klown
 55831 | Zot:5    | Noticed an ancient lich
 55837 | Zot:5    | Killed an ancient lich
 55837 | Zot:5    | Received a gift from Yredelemnul (a vampire)
 55842 | Zot:5    | Killed an orb of fire
 55853 | Zot:5    | Noticed an ancient lich
 55858 | Zot:5    | Killed an ancient lich
 55862 | Zot:5    | Noticed an ancient lich
 55868 | Zot:5    | Killed a Killer Klown
 55871 | Zot:5    | Killed an ancient lich
 55883 | Zot:5    | Killed an ancient lich
 56044 | Zot:5    | Received a gift from Yredelemnul (a phantasmal warrior)
 56049 | Zot:5    | Reached skill level 15 in Necromancy
 56210 | Zot:5    | Noticed an orb of fire
 56223 | Zot:5    | Killed an orb of fire
 56405 | Zot:5    | Noticed an ancient lich
 56418 | Zot:5    | Killed an ancient lich
 56443 | Zot:5    | Noticed an ancient lich
 56464 | Zot:5    | Killed an ancient lich
 56473 | Zot:5    | Noticed an ancient lich
 56495 | Zot:5    | Killed an ancient lich
 56495 | Zot:5    | Reached XP level 27. HP: 135/254 MP: 19/32
 56772 | Zot:5    | Got the Orb of Zot
 57027 | Depths:5 | Noticed Neokkasy the pandemonium lord
 57170 | Depths:1 | Noticed a seraph
 57426 | D:5      | Learned a level 3 spell: Stone Arrow
 57501 | D:4      | Noticed an ancient lich
 57501 | D:4      | Noticed Qauw the pandemonium lord
 57545 | D:$      | Escaped with the Orb!

Levels and vault maps discovered:
D:1:      nzn_arrival_depleted_hourglass, layout_loops_corners
D:2:      layout_rooms, kiku_gazebo_garden_becter, ashenzari_altar_1
D:3:      layout_loops_ring, first_ration, dk_yredelemnul_ordeal,
          uniq_crazy_yiuf_cottage, uniq_jessica
D:4:      layout_gridville, serial_undead, serial_undead_a, serial_undead_f,
          serial_undead_a, serial_undead_a, serial_undead_f
D:5:      layout_layer_cave, minmay_temple_entry_grid, serial_shops,
          nicolae_shop_statue_plus, kennysheep_decorative_pillar,
          minmay_fractal_squares_5
D:6:      layout_basic, cheibrodos_sewer_entry_sluice
D:7:      minmay_skewed_foursquare, layout_basic,
          nicolae_ossuary_entry_monument, uniq_pikel
D:8:      cheibrodos_fzero, layout_cave_pods, nicolae_ru_awakened_eye,
          nemelex_xobeh_ov_fountains_minmay, hangedman_pestilent_swarm,
          minmay_misc_feat_rugged
D:9:      layout_layer_cave, nicolae_overflow_hidden_temple,
          kennysheep_cross_bottleneck, okawaru_trees_1, uniq_joseph
D:10:     minmay_the_grid_square_5x5_3x3 [minmay_the_grid_square_5x5_v,
          minmay_the_grid_square_5x5_percent, minmay_the_grid_square_5x5_corner,
          minmay_the_grid_square_5x5_shuriken,
          minmay_the_grid_square_5x5_megaprize_hollow,
          minmay_the_grid_square_5x5_spiral, minmay_the_grid_square_5x5_eight,
          minmay_the_grid_square_5x5_mess,
          minmay_the_grid_square_5x5_sharp_hourglass], layout_rooms
D:11:     layout_cave_pools, minmay_lair_entry_grove, orc_0_dummy,
          serial_rivers, chequers_serial_rivers_room_a,
          chequers_serial_rivers_small_a, chequers_serial_rivers_micro_a,
          chequers_serial_rivers_large_b, serial_park_tiny_2
D:12:     layout_basic, serial_shops, shop
D:13:     layout_grid_maze, david_vaults_4, basic_altar, kennysheep_nondescript
D:14:     layout_stronghold, serial_shops, kennysheep_mini,
          hangedman_glass_teeth, lightli_corner_chamber
D:15:     grunt_enter_depths_magical_seal, layout_loops_ring,
          serial_park_tiny_1, nrook_mini_vaults
Temple:   eino_temple_lava
Lair:1:   layout_chaotic_city, gammafunk_ghost_grave, lemuel_fruit_tree,
          grunt_megastairs_3, lemuel_fruit_fields
Lair:2:   layout_regular_city
Lair:3:   gammafunk_mikee_crab_dinner, layout_layer_cave, dummy_snake_entry,
          enter_volcano_1, beast_lair_carwin_8, uniq_gastronok
Lair:4:   layout_regular_city, skrybe_swamp_entry_bodies, uniq_rupert
Lair:5:   onia_ninara_swampy_vault, layout_regular_city, slime_altar_1,
          chequers_serial_rivers_large_a
Lair:6:   minmay_lair_end_enchanted_forest, layout_small_grid
Swamp:1:  layout_basic_swamp, portal_ice_cave_entry_ugly_swarm,
          evilmike_swamp_ruin_rubble_1
Swamp:2:  layout_basic_swamp, evilmike_swamp_ruin_house_4
Swamp:3:  layout_basic_swamp, serial_swamp_ruin, evilmike_swamp_ruin_house_1,
          evilmike_swamp_ruin_house_2, hangedman_swamp_ruin_wall,
          infiniplex_staircase_pool_2
Swamp:4:  swamp_fiery, layout_basic_swamp, swamp_pool4, uniq_bai_suzhen
Snake:1:  layout_cave_pods, nicolae_coiled_stairwell_down
Snake:2:  layout_chambers, uniq_louise
Snake:3:  nicolae_snake_nest, layout_chambers, basic_altar, drop_trap
Snake:4:  grunt_snake_rune_spirals, layout_concentric_octagons,
          grunt_ministairs_10, serial_bayou_shore_b
Orc:1:    layout_caves, enter_bailey_1, nicolae_orc_rich_vein
Orc:2:    st_orc_mages, layout_caves, serial_shops, shop, uniq_donald,
          uniq_saint_roka
Elf:1:    layout_loops_cross, minmay_elf_sorcery, uniq_agnes, uniq_jorgrun
Elf:2:    layout_geoelf_diagonals, nicolae_trove_entry_diagonal, drop_trap,
          columned_hall_lemuel
Elf:3:    elf_hall, layout_loops_cross, einodemon_barbed_minivault, uniq_mara,
          uniq_nikola
Vaults:1: nicolae_vaults_display_case, ontoclasm_vaults_bender,
          vaults_room_door_hall, v_misc_23, v_misc_22, ontoclasm_vaults_twist,
          v_misc_26, nicolae_vaults_gold_heap, layout_vaults_omnibox,
          serial_glass, serial_shops, shop, shop
Vaults:2: blue_anna_dwarven_crypt, nicolae_vaults_circle_grid_b,
          vaults_dpeg_encased_lava, v_misc_28, dpeg_vaults_monster_box,
          ontoclasm_vaults_ligature, nicolae_vaults_asterisk,
          nicolae_vaults_angled_halls, layout_vaults_omnigrid, uniq_asterion
Vaults:3: nicolae_vaults_little_squares_4, vaults_dpeg_spiral, v_misc_12,
          hangedman_vaults_corner_blocks, vaults_room_hangedman_quadrants,
          nicolae_vaults_angled_halls, nicolae_vaults_border_crossing,
          v_misc_28, v_pattern_1, grunt_vaults_hallway_long,
          nicolae_vaults_little_squares_3, layout_vaults_big_room
Vaults:4: biasface_vaults_ghost_orc_armoury, v_misc_16, hangedman_vaults_nails,
          v_misc_2, v_misc_24, ontoclasm_vaults_chip, v_misc_22,
          nicolae_vaults_quadrants, ontoclasm_vaults_misaligned,
          ontoclasm_vaults_ring_small, layout_vaults_ring, serial_shops,
          nicolae_shop_behind_doors, shop, shop_fountains, shop,
          nicolae_shop_behind_doors
Vaults:5
Depths:1: layout_cave_shapes, grunt_hell_entry_dis_mu,
          roderic_lattice_octagonal_star, rand_demon_pan_entry_7,
          grunt_ministairs_12, minivault_11, kilobyte_rumbling_trees
Depths:2: minmay_slanted_spiral_squares, layout_basic, grunt_decor_fettered,
          hell_entry, minmay_staircase_windowed_large, uniq_enchantress
Depths:3: hangedman_arch_fort, layout_small_grid, gammafunk_ghost_crypt,
          grunt_pan_entry_sceptre, hell_entry, xom_teletrap_fun
Depths:4: hangedman_pleasuredromes, abyss_entry, hell_entry
Depths:5: evilmike_zot_entry_hall, layout_cave_shapes, enter_ziggurat_a,
          hellmouth_1, basic_altar
Zot:1:    layout_gridlike, grunt_ministairs_3
Zot:2:    layout_misc_corridors
Zot:3:    layout_gridlike
Zot:4:    lemuel_halls_of_wrath, layout_basic
Zot:5:    layout_misc_corridors, hangedman_zot_diagonal_lockstep, st_stairs_3

Skill      XL: |  1  2  3  4  5  6  7  8  9 10 11 12 13 14 15 16 17 18 19 20 21 22 23 24 25 26 |
---------------+-------------------------------------------------------------------------------+-----
Dodging        | 3 5 7 8 9 10 11 | 11.1
Unarmed Combat | 4 5 6 7 8 9 10 12 13 15 16 17 18 19 20 21 22 23 24 25 26 27 | 27.0
Armour         | 1 2 4 5 7 8 9 10 11 12 14 | 14.9
Shields        | 2 3 4 5 7 8 9 10 11 12 13 14 15 | 15.0
Fighting       | 4 5 6 7 9 10 11 12 13 14 15 16 17 18 19 20 22 | 22.1
Invocations    | 2 5 7 8 10 12 13 14 | 14.1
Necromancy     | 1 7 10 12 13 15 | 15.0
Spellcasting   | 4 5 |  5.0
Throwing       | 2 |  2.0
Earth Magic    | 5 8 10 | 10.0
Stealth        | |  2.2

Action                   |  1- 3 |  4- 6 |  7- 9 | 10-12 | 13-15 | 16-18 | 19-21 | 22-24 | 25-27 || total
-------------------------+-------+-------+-------+-------+-------+-------+-------+-------+-------++-------
Melee: Unarmed           |    73 |   182 |   528 |   717 |  1188 |   968 |   815 |   986 |   515 ||  5972
       Punch             |     2 |     4 |       |       |       |       |       |       |       ||     6
Throw: Boomerang         |       |       |       |     1 |    16 |     2 |       |     2 |     3 ||    24
Invok: Animate Remains   |       |       |     1 |       |       |       |       |       |       ||     1
       Animate Dead      |       |       |       |    34 |    89 |    65 |    46 |    72 |    27 ||   333
       Drain Life        |       |       |       |     1 |       |       |     9 |     8 |     7 ||    25
       Recall Undead Sla |       |       |       |       |     4 |    15 |    20 |    25 |    18 ||    82
       Enslave Soul      |       |       |       |       |     1 |     2 |     1 |     3 |     3 ||    10
       Injury Mirror     |       |       |       |       |     1 |     1 |     1 |     2 |       ||     5
 Abil: Stop Flying       |       |       |       |       |       |       |       |     2 |       ||     2
       Evoke Flight      |       |       |       |       |       |       |       |     1 |       ||     1
Evoke: Wand              |       |       |       |       |    18 |       |       |     2 |     1 ||    21
  Use: Scroll            |       |     1 |    12 |    13 |    15 |     6 |     5 |     7 |     3 ||    62
       Potion            |       |       |       |       |     4 |     1 |       |     3 |    16 ||    24
 Stab: Sleeping          |     3 |       |       |       |     8 |       |       |    10 |     9 ||    30
       Distracted        |       |       |       |     2 |    13 |    13 |    11 |    25 |    19 ||    83
       Confused          |       |       |       |       |     2 |     2 |       |       |       ||     4
       Paralysed         |       |       |       |       |     1 |     6 |     1 |     1 |       ||     9
       Petrifying        |       |       |       |       |       |       |       |     1 |       ||     1
  Eat: Chunk             |     4 |    27 |    44 |    75 |   123 |   132 |   149 |   108 |    43 ||   705
       Ration            |       |       |       |       |       |       |       |       |     2 ||     2
Armor: Ring mail         |    12 |     9 |       |       |       |       |       |       |       ||    21
       Robe              |     1 |       |       |       |       |       |       |       |       ||     1
       Scale mail        |       |    56 |   222 |   296 |   356 |       |       |       |       ||   930
       Chain mail        |       |       |       |       |   205 |   208 |       |       |       ||   413
       Crystal plate arm |       |       |       |       |       |   213 |   332 |   178 |       ||   723
       Acid dragon scale |       |       |       |       |       |       |       |    90 |   127 ||   217
Dodge: Dodged            |    33 |    89 |   140 |   216 |   416 |   221 |   148 |   257 |   220 ||  1740
Block: Shield            |       |     4 |   190 |   348 |   659 |   494 |   412 |   409 |   278 ||  2794
       Reflection        |       |       |       |       |       |       |       |    43 |     1 ||    44
